Map: [TLMC19] Ghost River

Players

Dark - Winner!

  • Race: Zerg Zerg
  • Spawn Location: 11:00

MaxPax

  • Race: Protoss Protoss
  • League: Master
  • Spawn Location: 1:00

VOD

Have the link to the VOD?

Description

Time

  • Played on: Dec. 22, 2023, 9:36 a.m.
  • Length: 16:56
Show
View Real Time Build Order
Export as new Build Order

Dark Zerg - Winner!

Build Orders: Hatch First 

Get SALT Encoding   

  12  0:00  Drone  
  13  0:12  Overlord  
  13  0:17  Drone  
  14  0:31  Drone x2  
  16  0:48  Hatchery  
  15  0:52  Drone  
  15  0:55  Drone  
  17  0:58  Drone  
  18  1:10  Extractor  
  17  1:15  Spawning Pool  
  17  1:18  Drone  
  17  1:20  Drone  
  18  1:28  Drone  
  19  1:39  Drone  
  20  1:50  Drone  
  21  2:01  Queen  
  21  2:02  Zergling x2, Queen  
  26  2:10  Overlord  
  26  2:12  Drone, Metabolic Boost  
  26  2:15  Drone  
  28  2:29  Drone x2  
  30  2:40  Hatchery  
  29  2:45  Queen, Zergling x2  
  32  2:51  Overlord  
  32  2:53  Zergling x2  
  32  2:54  Zergling x2  
  33  3:01  Zergling x4  
  35  3:09  Queen  
  35  3:12  Zergling x4  
  39  3:18  Drone  
  39  3:21  Drone x4  
  39  3:27  Drone  
  41  3:29  Drone  
  41  3:33  Drone  
  42  3:41  Overlord  
  42  3:42  Queen  
  43  3:54  Spore Crawler  
  43  3:55  Drone x4  
  45  3:58  Drone  
  47  4:04  Spore Crawler  
  47  4:05  Zergling x6  
  49  4:10  Zergling x6  
  52  4:26  Zergling x10, Baneling Nest  
  56  4:35  Zergling x2  
  56  4:38  Overlord x2  
  57  4:46  Overlord  
  57  4:52  Queen, Overlord  
  57  4:57  Zergling x12  
  63  5:09  Baneling x6  
  63  5:13  Zergling x10  
  55  5:36  Zergling x2  
  55  5:37  Zergling x16  
  55  5:40  Zergling x2  
  61  5:44  Zergling x2  
  61  5:48  Queen x3  
  68  5:52  Zergling x4  
  68  5:53  Drone  
  68  5:55  Drone  
  72  6:03  Drone x3  
  72  6:04  Drone, Evolution Chamber  
  75  6:12  Spore Crawler  
  75  6:13  Drone x3  
  75  6:16  Drone  
  75  6:18  Drone x2  
  78  6:22  Drone  
  77  6:32  Drone x3  
  80  6:34  Zerg Melee Weapons Level 1  
  80  6:35  Drone x3  
  83  6:43  Drone x3  
  86  6:50  Lair  
  86  6:51  Zergling x4  
  88  7:00  Overlord x3  
  88  7:01  Overlord  
  88  7:18  Overlord  
  88  7:20  Hatchery, Zergling x18  
  97  7:22  Drone  
  97  7:26  Zergling x6  
  101  7:30  Zergling x2  
  101  7:41  Zergling x12  
  100  7:45  Drone x3  
  100  7:47  Extractor  
  100  7:49  Drone, Extractor  
  100  7:50  Hatchery  
  101  7:52  Drone  
  101  7:54  Drone x3  
  101  7:55  Infestation Pit  
  101  7:57  Zergling x2  
  105  8:02  Baneling x6  
  105  8:03  Zergling x10  
  110  8:09  Roach Warren  
  110  8:10  Baneling  
  110  8:11  Zergling x4  
  111  8:15  Zergling x4  
  113  8:22  Baneling x4  
  113  8:25  Zergling x8  
  114  8:28  Overlord  
  114  8:31  Overlord  
  114  8:33  Overlord x2  
  113  8:43  Zergling x2  
  113  8:44  Zergling x16  
  113  8:46  Baneling x8  
  117  8:49  Zergling x4  
  113  9:03  Drone x4  
  113  9:05  Extractor  
  113  9:06  Drone x2  
  113  9:07  Drone  
  119  9:11  Extractor  
  119  9:12  Zerg Melee Weapons Level 2  
  119  9:14  Roach x3  
  124  9:19  Roach  
  124  9:20  Drone x2  
  127  9:27  Zergling x2  
  127  9:28  Zergling x4  
  130  9:36  Hive  
  130  9:37  Zergling x8  
  130  9:38  Zergling x8  
  137  9:43  Zergling x2  
  137  9:44  Zergling x14  
  141  9:54  Zergling x12  
  147  10:01  Glial Reconstitution  
  147  10:05  Zergling x8  
  147  10:06  Zergling x16  
  158  10:11  Overlord x2  
  158  10:12  Overlord x3  
  158  10:19  Overlord  
  154  10:36  Roach x12  
  154  10:38  Zergling x4  
  154  10:39  Zergling x2  
  174  10:48  Zergling x16  
  175  10:55  Zergling x8  
  166  11:06  Zergling x20  
  166  11:10  Adrenal Glands  
  167  11:15  Viper  
  167  11:16  Viper  
  167  11:20  Drone x3  
  169  11:26  Ravager  
  169  11:27  Ravager  
  169  11:28  Roach x3  
  177  11:34  Zerg Missile Weapons Level 1  
  177  11:39  Roach x3  
  167  11:57  Roach x2  
  167  11:58  Roach x9  
  183  12:05  Zergling x14  
  176  12:15  Zergling x2  
  176  12:16  Zergling x16  
  176  12:19  Centrifugal Hooks  
  176  12:21  Baneling x6  
  184  12:34  Zergling x22  
  194  12:40  Zergling x2  
  194  12:41  Baneling, Zergling x8  
  194  12:42  Baneling x2  
  199  12:48  Zergling x2  
  197  12:57  Zergling x4  
  179  13:28  Zerg Melee Weapons Level 3  
  179  13:31  Zergling x2  
  179  13:32  Zergling x52  
  194  13:34  Roach x3  
  194  13:37  Zergling x2  
  182  13:45  Roach x3  
  182  13:47  Roach x2  
  177  13:54  Roach x6  
  177  13:55  Zergling x4, Roach  
  183  14:03  Burrow  
  183  14:04  Zergling x10  
  183  14:05  Zergling x2  
  183  14:08  Drone x2  
  190  14:13  Ravager x3  
  190  14:14  Ravager  
  194  14:17  Zergling x2  
  194  14:18  Zergling x10  
  194  14:20  Hatchery  
  194  14:22  Baneling x6  
  194  14:23  Baneling x8  
  199  14:29  Baneling x2  
  199  14:36  Ravager  
  200  14:41  Baneling x3  
  196  14:52  Ultralisk Cavern  
  175  15:10  Zergling x62  
  189  15:19  Zergling x8  
  174  15:30  Drone x4  
  174  15:33  Drone x2  
  174  15:34  Drone x3  
  171  15:52  Ultralisk x2  
  171  15:53  Ultralisk  
  171  15:54  Drone  
  190  16:00  Zergling x10  
  195  16:04  Zergling x8  
  187  16:28  Zergling x6  
  187  16:30  Baneling x8  
  187  16:31  Baneling  
  187  16:32  Spore Crawler  
  197  16:33  Spine Crawler, Drone  
  197  16:35  Zergling x4  
Show
View Real Time Build Order
Export as new Build Order

MaxPax Protoss 

Build Orders: 1 Gate Expand, Oracle Opening 

Get SALT Encoding   

  12  0:00  Probe  
  13  0:12  Probe  
  14  0:18  Pylon  
  14  0:24  Probe  
  15  0:36  Probe (Chrono Boost)  
  15  0:40  Gateway  
  16  0:46  Probe (Chrono Boost)  
  17  0:51  Assimilator, Probe  
  18  1:03  Probe  
  19  1:15  Probe  
  20  1:26  Nexus  
  20  1:35  Cybernetics Core  
  20  1:39  Probe  
  21  1:46  Assimilator  
  21  1:51  Probe  
  22  1:54  Pylon  
  22  2:03  Probe  
  23  2:10  Adept (Chrono Boost)  
  23  2:15  Probe  
  26  2:19  Stargate  
  26  2:27  Probe  
  27  2:30  Warp Gate, Adept (Chrono Boost)  
  29  2:39  Probe (Chrono Boost)  
  31  2:47  Probe (Chrono Boost)  
  31  2:50  Probe (Chrono Boost)  
  32  2:53  Adept  
  32  2:54  Probe x2 (Chrono Boost)  
  36  3:04  Oracle (Chrono Boost)  
  36  3:05  Probe  
  37  3:06  Probe  
  41  3:13  Pylon  
  41  3:17  Probe  
  42  3:20  Probe  
  43  3:29  Probe  
  43  3:31  Gateway  
  43  3:32  Probe  
  45  3:34  Oracle (Chrono Boost)  
  46  3:41  Probe  
  46  3:44  Probe  
  48  3:51  Nexus  
  48  3:54  Probe  
  49  3:56  Probe  
  49  3:57  Pylon  
  50  4:06  Probe  
  50  4:07  Assimilator  
  50  4:08  Oracle (Chrono Boost)  
  54  4:14  Pylon  
  54  4:15  Probe  
  55  4:18  Probe  
  55  4:21  Adept  
  58  4:27  Probe  
  59  4:33  Twilight Council  
  59  4:35  Gateway  
  59  4:36  Probe  
  59  4:37  Shield Battery  
  60  4:38  Stalker  
  60  4:45  Stalker  
  64  4:50  Shield Battery  
  64  4:57  Gateway  
  64  4:58  Pylon  
  64  4:59  Probe  
  65  5:00  Probe  
  65  5:02  Stalker  
  65  5:04  Probe  
  69  5:08  Stalker  
  69  5:11  Shield Battery, Probe  
  69  5:12  Probe  
  73  5:17  Probe  
  74  5:30  Stalker  
  74  5:31  Stalker  
  74  5:32  Blink (Chrono Boost)  
  67  5:41  Pylon  
  63  5:44  Gateway  
  63  5:45  Gateway  
  62  5:52  Assimilator  
  62  5:53  Forge  
  62  5:54  Stalker x3  
  65  6:03  Stalker  
  67  6:19  Stalker  
  67  6:21  Robotics Facility  
  67  6:23  Pylon  
  69  6:25  Pylon  
  69  6:26  Protoss Ground Weapons Level 1 (Chrono Boost), Pylon  
  69  6:39  Pylon  
  69  6:41  Stalker x2  
  69  6:42  Zealot  
  75  6:50  Nexus, Pylon  
  75  6:51  Stalker  
  77  6:58  Probe x2  
  79  7:05  Warp Prism (Chrono Boost)  
  81  7:12  Stalker x2  
  81  7:14  Stalker  
  87  7:19  Stalker  
  87  7:21  Stalker  
  91  7:27  Stalker  
  91  7:29  Probe  
  94  7:31  Probe  
  96  7:37  Observer  
  94  7:48  Zealot x5  
  104  7:53  Charge  
  104  7:55  Robotics Bay  
  104  8:01  Probe x2  
  104  8:02  Probe  
  104  8:04  Shield Battery  
  107  8:12  Zealot x4  
  115  8:17  Probe  
  116  8:25  Stalker x2  
  120  8:28  Probe  
  120  8:32  Pylon  
  120  8:33  Zealot x2  
  125  8:48  Colossus (Chrono Boost)  
  105  8:49  Zealot x3  
  117  9:00  Probe x3  
  120  9:03  Stalker x2  
  124  9:10  Extended Thermal Lance, Protoss Ground Armor Level 1  
  124  9:12  Probe  
  125  9:24  Zealot x3  
  125  9:30  Templar Archives  
  129  9:42  Pylon  
  129  9:49  Zealot x2  
  129  9:51  Colossus (Chrono Boost)  
  131  9:56  Probe  
  131  9:58  Probe x2  
  126  10:09  Probe  
  126  10:10  Probe x2  
  126  10:14  Zealot x2, High Templar x4  
  135  10:15  Shield Battery  
  135  10:18  Archon x2, Photon Cannon  
  139  10:30  Probe x2  
  137  10:36  Colossus (Chrono Boost)  
  139  10:43  Zealot x2  
  139  10:47  Zealot x4  
  137  11:05  Zealot x2  
  140  11:13  Pylon  
  140  11:14  Protoss Ground Weapons Level 2 (Chrono Boost)  
  140  11:15  Pylon  
  140  11:22  Pylon x2  
  140  11:30  Shield Battery  
  140  11:33  Photon Cannon  
  140  11:34  Pylon  
  140  11:41  Zealot x3  
  140  11:42  Zealot x3  
  140  11:46  Pylon  
  148  11:47  Nexus  
  144  11:58  Gateway  
  140  12:07  Stalker  
  140  12:08  Zealot x5  
  152  12:13  Probe x2  
  152  12:14  Photon Cannon  
  150  12:20  Psionic Storm  
  150  12:21  Observer  
  151  12:28  Probe x3  
  154  12:30  Assimilator  
  154  12:31  Assimilator  
  154  12:40  Probe  
  154  12:42  High Templar x2  
  159  12:51  High Templar  
  157  12:52  High Templar  
  159  12:58  Probe  
  159  12:59  Probe  
  159  13:00  Shield Battery  
  161  13:11  High Templar x2  
  165  13:13  Probe  
  165  13:14  Probe x2  
  165  13:18  Archon  
  144  13:28  Zealot x4  
  122  13:46  Zealot x2  
  113  13:50  Probe  
  113  13:51  Colossus (Chrono Boost)  
  113  13:55  Probe  
  105  13:56  Zealot x4  
  105  13:59  Gateway  
  105  14:01  Gateway, Probe  
  112  14:13  Nexus  
  112  14:15  High Templar x2  
  116  14:18  Stalker  
  116  14:19  Probe  
  116  14:20  Pylon  
  116  14:21  High Templar x2  
  129  14:32  Colossus (Chrono Boost)  
  129  14:36  Pylon  
  129  14:40  Probe  
  128  14:51  Zealot x4  
  123  15:11  Observer  
  123  15:13  Colossus (Chrono Boost)  
  106  15:15  Stalker x7  
  106  15:16  Stalker  
  100  15:50  High Templar x4  
  100  15:51  Zealot x2  
  100  15:52  Zealot x2  
  116  15:58  Archon x2  
  112  16:04  Nexus  
  112  16:15  Pylon  
  112  16:24  Warp Prism (Chrono Boost)  
  111  16:35  High Templar x3  
  111  16:37  Zealot x5  
Tags
 
Add a new tag
Caveats
  • Supply blocks, unpowered buildings, or Contaminate may cause inaccurate times.
  • Supply counts are checked every 10 seconds.